 Dungeon Crawl Stone Soup version 0.19-a0-1341-g3513869 (webtiles) character file.

20416 Leszczynek the Bludgeoner (level 12, -1/217 HPs)
             Began as an Ogre Monk on Sept 1, 2016.
             Was a Priest of the Shining One.
             Slain by Agnes
             ... wielding a +0 lajatang of protection
              (5 damage)
             ... on level 14 of the Dungeon.
             The game lasted 00:38:49 (8261 turns).

Leszczynek the Bludgeoner (Ogre Monk)               Turns: 8261, Time: 00:38:50

Health: -1/217     AC: 26    Str: 28    XL:     12   Next: 79%
Magic:  17/17      EV:  1    Int: 11    God:    the Shining One [***...]
Gold:   274        SH:  0    Dex: 14    Spells: 0 memorised, 11 levels left

rFire  . . .     SeeInvis .     a - +0 giant club
rCold  . . .     Gourm    .     (armour currently unavailable)
rNeg   + + +     Faith    .     (shield currently unavailable)
rPois  +         Spirit   .     (helmet currently unavailable)
rElec  .         Dismiss  .     (cloak currently unavailable)
rCorr  .         Reflect  .     (gloves unavailable)
MR     +....     Harm     .     (boots unavailable)
Stlth  +......... NoTele   +    j - amulet of regeneration
                                v - +4 ring of strength
                                m - +3 ring of evasion

@: mighty, tree-form, glowing
A: unfitting armour, (large bone plates 0), (poison resistance), robust 1,
(shaggy fur 0), teleportitis 1, (tough skin 0), evolution 1
a: Divine Shield, Renounce Religion


You were on level 14 of the Dungeon.
You worshipped the Shining One.
The Shining One was most pleased with you.
You were very hungry.
You were a tree.
You visited 3 branches of the dungeon, and saw 16 of its levels.

You collected 524 gold pieces.
You spent 250 gold pieces at shops.

Inventory:

Hand Weapons
 a - a +0 giant club (weapon)
 z - a +1 giant spiked club
 G - a +0 morningstar
Missiles
 h - 4 tomahawks
 p - 6 large rocks (quivered)
Armour
 B - a +0 cloak (melded)
 L - a +0 troll leather armour (melded)
Jewellery
 e - the ring of Okawaru's Whim {Fire *Corrode rN+++ Str+2 Dex+3}
   (You found it on level 12 of the Dungeon)

   [ring of fire]

   It enhances your fire magic.
   It affects your strength (+2).
   It affects your dexterity (+3).
   It protects you from fire.
   It makes you vulnerable to cold.
   It renders you almost immune to negative energy.
   It may corrode you when you take damage.
 i - an uncursed ring of wizardry
 j - an amulet of regeneration (around neck)
 m - a +3 ring of evasion (left branch)
 v - a +4 ring of strength (right branch)
Wands
 c - a wand of digging (12/24)
 g - a wand of flame (24/48)
 l - a wand of paralysis (1/24)
 r - a wand of iceblast (2/15)
 s - a wand of flame (30/48)
 y - a wand of teleportation (3/9)
Scrolls
 n - 4 scrolls of identify
 o - 5 scrolls of remove curse
 q - 3 scrolls of magic mapping
 t - a scroll of teleportation
 x - a scroll of blinking
 A - a scroll of immolation {unknown}
 E - 3 scrolls of fog
Potions
 f - 2 potions of flight
 k - a potion of brilliance
 u - 2 potions of curing
 K - a potion of ambrosia
Comestibles
 b - 10 royal jellies
 d - 5 bread rations
 H - 4 chunks of flesh
 I - a meat ration
 J - 2 fruits


   Skills:
 + Level 11.9 Fighting
 * Level 17.6 Maces & Flails
 + Level 10.2 Dodging
 - Level 1.5 Stealth
 - Level 7.1 Invocations


You had 11 spell levels left.
You didn't know any spells.

Dungeon Overview and Level Annotations

Branches:
Dungeon (14/15)            Temple (1/1) D:4            Lair (0/6) D:10
    Orc (1/2) D:9
 Vaults: D:13-14

Altars:
Cheibriados
Dithmenos
Elyvilon
Hepliaklqana
Makhleb
Nemelex Xobeh
Okawaru
Qazlal
Ru
Sif Muna
Trog
Vehumet
Xom
Yredelemnul
The Shining One

Shops:
D:6 %[(}   D:13 ?=(

Annotations:
D:2 exclusion: adder
D:5 Duvessa
D:14 Agnes


Innate Abilities, Weirdness & Mutations

You are too large for most types of armour.
((You have tough skin. (AC +1)))
((You are partially covered in large bone plates. (AC +2, SH +2)))
((Your system is resistant to poisons. (rPois)))
You are robust. (+10% HP)
((You are covered in fur. (AC +1)))
You are occasionally teleported next to monsters.
You evolve.


Message History

Agnes is moderately wounded.
Agnes hits you but does no damage.
You bludgeon Agnes!!
Agnes is severely wounded.
Agnes hits you with a lajatang of protection!!
* * * LOW HITPOINT WARNING * * *
You barely miss Agnes.
Agnes is severely wounded.
Agnes hits you with a lajatang of protection.
* * * LOW HITPOINT WARNING * * *
You thump Agnes!
Agnes is severely wounded.
Agnes mutters, "I never trained for this."
Agnes hits you with a lajatang of protection!
* * * LOW HITPOINT WARNING * * *
Agnes hits you but does no damage.
You completely miss Agnes.
Agnes is severely wounded.
Agnes hits you with a lajatang of protection.
You die...

# .# ######+### ####..#
#.........# .......
#.........# ####.......
#.........# #..........
#.........#####?##.......
#.........#..♣i.# .......
#.........'.##### .......
#.........### .......
#.........# .......
#######†### ....... #.#
####.## #.### #...#
########<##


You could see Agnes.

Vanquished Creatures
  2 hydras (D:12)
  A centaur warrior (D:13)
  An unseen horror (D:12)
  3 hill giants
  A cyclops (D:12)
  A manticore (D:13)
  4 ugly things (D:14)
  2 deep elf magi
  A centaur zombie (D:13)
  A centaur skeleton (D:11)
  An efreet (D:9)
  A komodo dragon (D:13)
  3 trolls
  A two-headed ogre (D:12)
  7 slime creatures
  6 yaks
  A basilisk (D:13)
  Grum (D:7)
  4 wyverns
  A hungry ghost (D:9)
  A steam dragon (D:11)
  Menkaure (D:5)
  3 wargs (D:10)
  A soldier ant (D:13)
  4 black bears
  3 orc warriors
  8 ice beasts
  3 phantoms
  5 sky beasts
  2 ogres (D:9)
  A wolf (D:7)
  21 centaurs
  13 giant frogs
  2 gnoll sergeants
  A water moccasin skeleton (D:9)
  3 scorpions
  The ghost of Amnesiac the Chopper, a weakling HOMo (D:4)
  8 killer bees
  5 wights
  2 crimson imps
  A giant frog zombie (D:7)
  12 hounds
  9 jellies
  5 orc priests
  4 iguanas
  10 orc wizards
  9 worker ants
  A hound zombie (D:9)
  A hound skeleton (D:5)
  A worker ant zombie (D:9)
  12 gnolls
  A howler monkey skeleton (D:8)
  12 adders
  A shadow imp (D:11)
  6 oozes
  2 adder zombies
  2 worms
  A dart slug (D:1)
  3 giant geckos
  35 orcs
  2 ball pythons
  8 bats
  12 giant cockroaches
  6 goblins
  4 hobgoblins
  2 jackals (D:2)
  4 kobolds
  4 quokkas
  2 giant newts (D:1)
  4 rats
307 creatures vanquished.

Notes
Turn   | Place    | Note
-------+----------+-------------------------------------------
     0 | D:1      | Leszczynek the Ogre Monk began the quest for the Orb.
     0 | D:1      | Reached XP level 1. HP: 24/24 MP: 1/1
     0 | D:1      | Noticed a large abomination
     3 | D:1      | Noticed a tentacled monstrosity
     5 | D:1      | Noticed a large abomination
     7 | D:1      | Noticed a green draconian
    10 | D:1      | Noticed a large abomination
    12 | D:1      | Noticed a red draconian
    12 | D:1      | Noticed an iron dragon
    13 | D:1      | Noticed an ice dragon
    16 | D:1      | Noticed a tentacled monstrosity
    16 | D:1      | Noticed an ice dragon
    18 | D:1      | Noticed an iron dragon
    20 | D:1      | Noticed a tentacled monstrosity
    41 | D:1      | Reached XP level 2. HP: 21/32 MP: 2/2
   153 | D:1      | Reached skill level 5 in Maces & Flails
   395 | D:1      | Reached XP level 3. HP: 34/39 MP: 3/3
   690 | D:3      | Reached skill level 6 in Maces & Flails
   690 | D:3      | Reached XP level 4. HP: 43/48 MP: 4/4
   920 | D:5      | Entered Level 5 of the Dungeon
   979 | D:6      | Noticed a giant frog
   980 | D:6      | Found Vosiugeuxi's Food Boutique.
   995 | D:6      | Killed a giant frog
   995 | D:6      | Reached skill level 7 in Maces & Flails
   995 | D:6      | Reached XP level 5. HP: 31/54 MP: 5/5
  1032 | D:6      | Reached skill level 8 in Maces & Flails
  1220 | D:7      | Noticed an orc warrior
  1299 | D:6      | Found Paivisiq's Gadget Shoppe.
  1342 | D:6      | Bought a wand of paralysis (8/24) for 110 gold pieces
  1397 | D:6      | Reached XP level 6. HP: 31/62 MP: 6/6
  1404 | D:6      | Noticed an ice beast
  1407 | D:6      | HP: 4/62 [giant frog (3)]
  1412 | D:6      | HP: 6/62 [giant frog (9)]
  1581 | D:5      | Noticed an ice beast
  1631 | D:5      | Noticed Duvessa
  1687 | D:4      | Reached skill level 9 in Maces & Flails
  1728 | D:4      | Noticed Amnesiac's ghost (weakling HOMo)
  1767 | D:5      | Noticed an ice beast
  1788 | D:5      | Killed an ice beast
  1941 | D:5      | Killed an ice beast
  1941 | D:5      | Reached skill level 10 in Maces & Flails
  1941 | D:5      | Reached XP level 7. HP: 39/70 MP: 7/7
  1956 | D:6      | Found Delyny Ehen's Antique Armour Shoppe.
  1957 | D:6      | Found Vaeb Cea's Antique Weapon Boutique.
  2231 | D:5      | Reached skill level 11 in Maces & Flails
  2233 | D:5      | Noticed Menkaure
  2330 | D:4      | Killed Amnesiac's ghost
  2445 | D:4      | Found a staircase to the Ecumenical Temple.
  2461 | Temple   | Entered the Ecumenical Temple
  2505 | Temple   | Became a worshipper of the Shining One
  2505 | Temple   | Reached * piety under the Shining One
  2505 | Temple   | Reached ** piety under the Shining One
  2586 | D:4      | Reached skill level 3 in Dodging
  2586 | D:4      | Reached XP level 8. HP: 49/79 MP: 8/8
  2624 | D:4      | Reached skill level 1 in Invocations
  2812 | D:5      | Killed Menkaure
  2812 | D:5      | Reached skill level 5 in Fighting
  2812 | D:5      | Reached skill level 2 in Invocations
  2821 | D:6      | HP: 3/80 [acid (11)]
  3012 | D:6      | Reached skill level 3 in Invocations
  3036 | D:6      | Got a ripped robe
  3047 | D:6      | Identified the +0 robe of the Game of Kings {*Corrode rElec Dex+4 Stlth+} (You took it off a gnoll on level 6 of the Dungeon)
  3390 | D:7      | Reached skill level 6 in Fighting
  3390 | D:7      | Reached skill level 4 in Dodging
  3522 | D:7      | Found a radiant altar of Vehumet.
  3530 | D:7      | Reached skill level 4 in Invocations
  3623 | D:7      | HP: 7/84 [acid (10)]
  3641 | D:7      | HP: 2/84 [acid (8)]
  3643 | D:7      | Gained mutation: You are occasionally teleported next to monsters. [potion of mutation]
  3643 | D:7      | Gained mutation: You expend magic power (3 MP) to strengthen your wands. [potion of mutation]
  3643 | D:7      | Gained mutation: You possess an exceptional clarity of mind. [potion of mutation]
  3644 | D:7      | Gained mutation: You are partially covered in molten scales. (AC +2) [potion of mutation]
  3644 | D:7      | Gained mutation: You are partially covered in large bone plates. (AC +2, SH +2) [potion of mutation]
  3644 | D:7      | Gained mutation: You are covered in fur. (AC +1) [potion of mutation]
  3712 | D:7      | Reached XP level 9. HP: 13/92 MP: 12/12
  3858 | D:7      | Found a bloodstained altar of Trog.
  3941 | D:8      | Noticed Grum
  3952 | D:7      | Reached skill level 7 in Fighting
  3998 | D:7      | Killed Grum
  4027 | D:8      | Reached skill level 12 in Maces & Flails
  4039 | D:8      | Reached skill level 8 in Fighting
  4088 | D:8      | Reached skill level 5 in Invocations
  4115 | D:8      | Reached skill level 5 in Dodging
  4374 | D:9      | You fall through a shaft for 2 floors!
  4514 | D:11     | Reached skill level 6 in Dodging
  4517 | D:11     | Reached skill level 6 in Invocations
  4644 | D:11     | You fall through a shaft!
  4644 | D:12     | Noticed a hill giant
  4644 | D:12     | Noticed a cyclops
  4645 | D:12     | XD
  4646 | D:12     | Gained mutation: You evolve. [potion of beneficial mutation]
  4652 | D:12     | Reached XP level 10. HP: 23/104 MP: 11/14
  4654 | D:12     | nice tp
  4663 | D:12     | Got an ancient steel ring
  4667 | D:12     | Identified the ring of Okawaru's Whim {Fire *Corrode rN+++ Str+2 Dex+3} (You found it on level 12 of the Dungeon)
  4683 | D:12     | Gained mutation: You tend to lose your temper in combat. [evolution]
  5029 | D:11     | cool
  5199 | D:11     | Reached skill level 7 in Dodging
  5211 | D:11     | Found a shadowy altar of Dithmenos.
  5246 | D:11     | Noticed a deep elf mage
  5276 | D:10     | Entered Level 10 of the Dungeon
  5382 | D:10     | Gained mutation: Your system is resistant to poisons. (rPois) [potion of beneficial mutation]
  5548 | D:9      | Reached skill level 13 in Maces & Flails
  5575 | D:9      | Gained mutation: You are robust. (+10% HP) [mutagenic meat]
  5578 | D:9      | Lost mutation: You possess an exceptional clarity of mind. [mutagenic meat]
  5581 | D:9      | Lost mutation: You expend magic power (3 MP) to strengthen your wands. [mutagenic meat]
  5584 | D:9      | Lost mutation: You are partially covered in molten scales. (AC +2) [mutagenic meat]
  5602 | D:9      | Found an iron altar of Okawaru.
  5619 | D:9      | Reached skill level 7 in Invocations
  5637 | D:9      | HP: 6/114 [water moccasin skeleton (8)]
  5831 | D:9      | Found a staircase to the Orcish Mines.
  5958 | Orc:1    | Entered Level 1 of the Orcish Mines
  6059 | D:9      | Reached skill level 8 in Dodging
  6238 | D:9      | Reached skill level 14 in Maces & Flails
  6238 | D:9      | Reached XP level 11. HP: 84/124 MP: 16/16
  6373 | D:10     | Reached skill level 9 in Fighting
  6384 | D:10     | Found a staircase to the Lair.
  6418 | D:10     | Identified a +0 rod of clouds (10/10) (You found it on level 10 of the Dungeon)
  6573 | D:10     | Reached *** piety under the Shining One
  6689 | D:10     | Lost mutation: You tend to lose your temper in combat. [evolution]
  6924 | D:11     | Killed a deep elf mage
  7036 | D:12     | Reached skill level 15 in Maces & Flails
  7056 | D:12     | Noticed an unseen horror
  7059 | D:12     | Killed an unseen horror
  7062 | D:12     | Reached skill level 10 in Fighting
  7062 | D:12     | Reached skill level 9 in Dodging
  7117 | D:12     | Killed a hill giant
  7144 | D:12     | Killed a cyclops
  7177 | D:12     | Noticed a four-headed hydra
  7191 | D:12     | Killed a four-headed hydra
  7287 | D:12     | Noticed a seven-headed hydra
  7293 | D:12     | Killed a seven-headed hydra
  7320 | D:12     | Noticed a hill giant
  7332 | D:12     | Killed a hill giant
  7332 | D:12     | Reached skill level 16 in Maces & Flails
  7332 | D:12     | Reached XP level 12. HP: 101/140 MP: 17/17
  7404 | D:13     | Noticed a soul eater
  7514 | D:13     | Reached skill level 11 in Fighting
  7654 | D:13     | Noticed a centaur warrior
  7663 | D:13     | Killed a centaur warrior
  7698 | D:13     | Found Iruelosmil's Magic Scroll Shop.
  7701 | D:13     | Bought a scroll of fog for 28 gold pieces
  7701 | D:13     | Bought a scroll of fog for 28 gold pieces
  7701 | D:13     | Bought a scroll of identify for 28 gold pieces
  7701 | D:13     | Bought a scroll of identify for 28 gold pieces
  7701 | D:13     | Bought a scroll of identify for 28 gold pieces
  7889 | D:13     | Reached skill level 17 in Maces & Flails
  7931 | D:13     | Found Siupn's Antique Weapon Emporium.
  7989 | D:13     | Reached skill level 10 in Dodging
  8034 | D:13     | Found a deep blue altar of Sif Muna.
  8038 | D:13     | Found Ciwocani's Jewellery Shop.
  8227 | D:14     | Noticed Agnes
  8255 | D:14     | HP: 8/217 [Agnes/lajatang of protection (21)]
  8260 | D:14     | HP: 3/217 [Agnes/lajatang of protection (12)]
  8261 | D:14     | Slain by Agnes

Vault maps used:
D:1:      shiori_arrival_whats_in_store_for_you
D:2:      first_bread
D:3:      minmay_roachtagon, uniq_terence
D:5:      led_sif_book, uniq_edmund, uniq_duvessa, uniq_menkaure
D:6:      minmay_cornered_nines, serial_shops, shop_statue,
          nicolae_shop_waterfront, shop, shop, serial_curves, eino_curves_03,
          eino_curves_03
D:7:      kennysheep_orc_sif_temple, vehumet_altar_wand_db, basic_altar,
          patterned_corridor
D:8:      kennysheep_potato, uniq_grum
D:9:      overflow_temple_1_default, orc_0_dummy,
          hangedman_little_slice_of_home, kennysheep_kite_vault
D:10:     erik_lair_orcish_takeover, corexii_leaking_fountain,
          kennysheep_another_room
D:11:     lab_entry_generic, nicolae_dithmenos_the_darkroom
D:13:     serial_shops, shop, nicolae_shop_behind_doors, shop, basic_altar
D:14:     erik_vaults_1, minivault_25, uniq_louise, uniq_agnes
Temple:   regret_index_temple_mists
Orc:1:    uniq_maurice

Skill      XL: |  1  2  3  4  5  6  7  8  9 10 11 12 |
---------------+-------------------------------------+-----
Maces & Flails | 5 6 7 8 10 11 12 14 16 17 | 17.6
Dodging        | 3 4 6 8 9 10 | 10.2
Invocations    | 4 6 7 |  7.1
Fighting       | 6 8 10 11 | 11.9
Stealth        | |  1.5

Action                   |  1- 3 |  4- 6 |  7- 9 | 10-12 || total
-------------------------+-------+-------+-------+-------++-------
Melee: Mace              |   104 |   108 |   125 |       ||   337
       Flail             |       |       |   196 |   202 ||   398
       Giant club        |       |       |       |   393 ||   393
Throw: Large rock        |       |       |       |     4 ||     4
Invok: Divine Shield     |       |       |     7 |    10 ||    17
Evoke: Wand              |       |     8 |     5 |     2 ||    15
  Use: Potion            |       |     4 |     8 |     4 ||    16
       Scroll            |       |       |    11 |    12 ||    23
 Stab: Sleeping          |       |     3 |       |       ||     3
       Paralysed         |       |     5 |     6 |       ||    11
  Eat: Chunk             |       |     5 |     9 |    16 ||    30
       Royal jelly       |       |       |     1 |       ||     1
       Beef jerky        |       |       |     1 |     1 ||     2
       Meat ration       |       |       |       |     1 ||     1
Armor: Robe              |    42 |    15 |    42 |    83 ||   182
       Skin              |       |       |       |     9 ||     9
       Troll leather arm |       |       |       |     7 ||     7
Dodge: Dodged            |    60 |    56 |   144 |   367 ||   627
Block: Other             |       |       |    54 |    93 ||   147
